Map: Cyber Forest LE

Players

Higgs

  • Race: Terran Terran
  • League: Master
  • Spawn Location: 11:00

Mez - Winner!

  • Race: Terran Terran
  • League: Master
  • Spawn Location: 5:00

VOD

Have the link to the VOD?

Description

Time

  • Played on: Aug. 11, 2019, 5:40 p.m.
  • Length: 19:32
Show
View Real Time Build Order
Export as new Build Order

Higgs Terran 

Build Orders: Liberator Opening, Reaper Expand 

Get SALT Encoding   

  12  0:00  SCV  
  13  0:13  SCV  
  14  0:17  Supply Depot  
  14  0:25  SCV  
  15  0:38  SCV  
  15  0:39  Barracks  
  16  0:44  Refinery  
  16  0:53  SCV  
  17  1:05  SCV  
  18  1:17  SCV  
  19  1:26  Reaper  
  20  1:45  Command Center  
  20  1:47  Orbital Command  
  20  2:05  Barracks Reactor  
  19  2:12  Supply Depot  
  19  2:17  SCV  
  19  2:22  Refinery  
  20  2:29  SCV  
  21  2:32  Factory  
  21  2:41  SCV, Marine x2  
  24  2:54  SCV  
  24  2:58  Orbital Command  
  25  2:59  Marine x2  
  27  3:06  SCV  
  28  3:15  Supply Depot  
  28  3:16  Starport  
  28  3:17  Marine x2  
  28  3:18  SCV, Factory Tech Lab  
  31  3:26  SCV  
  32  3:30  SCV  
  33  3:38  Siege Tank, SCV  
  37  3:42  SCV  
  37  3:45  Liberator  
  38  3:50  SCV, Marine x2  
  42  4:08  Marine x2  
  43  4:14  Siege Tank  
  46  4:23  SCV x2  
  46  4:24  Refinery  
  47  4:25  Marine  
  48  4:35  SCV x2  
  48  4:36  Marine, Supply Depot  
  51  4:43  Marine  
  51  4:44  Refinery, Barracks  
  52  4:47  SCV x2  
  54  4:56  Marine  
  54  4:57  Medivac  
  54  4:58  Siege Tank  
  54  4:59  Supply Depot  
  53  5:19  Marine x2  
  47  5:37  Marine x2  
  49  5:47  Barracks Tech Lab  
  49  5:48  SCV, Barracks  
  49  5:49  SCV  
  50  5:51  Engineering Bay x2  
  50  5:55  Armory, Marine  
  50  5:56  Supply Depot  
  48  5:58  Siege Tank, Marine  
  48  6:01  SCV x2  
  54  6:08  Viking  
  54  6:09  Marauder  
  57  6:13  SCV x2, Marine  
  57  6:16  Marine  
  61  6:19  Stimpack  
  61  6:25  SCV x2  
  63  6:30  Siege Tank, Marine x2  
  68  6:34  Marine, Barracks Tech Lab  
  68  6:37  SCV x2  
  68  6:38  Viking  
  73  6:40  Terran Infantry Armor Level 1, Terran Infantry Weapons Level 1  
  73  6:42  Terran Vehicle Weapons Level 1  
  73  6:49  SCV  
  71  7:18  Marine x2  
  71  7:21  Viking  
  71  7:22  Siege Tank  
  78  7:29  Marine  
  78  7:30  Marauder  
  78  7:35  Marine x2  
  75  7:47  Marauder  
  75  7:50  Command Center  
  75  7:51  Marauder  
  77  7:53  Marine  
  78  8:05  Supply Depot x2  
  78  8:11  Supply Depot  
  78  8:12  Combat Shield  
  78  8:20  Concussive Shells  
  78  8:26  Viking, Siege Tank, Marine x2, Marauder  
  89  8:27  Marauder, Supply Depot  
  89  8:29  Supply Depot  
  89  8:30  SCV  
  89  8:31  SCV  
  91  8:41  Barracks x2  
  90  8:44  Marine x2  
  90  8:47  Marine  
  95  8:48  Marauder  
  95  8:58  Siege Tank  
  95  9:02  Marine x2  
  100  9:06  Marauder  
  100  9:09  Marine  
  75  9:27  Marauder  
  75  9:28  Marine  
  75  9:29  Marine, Marauder  
  75  9:30  Marine x2  
  75  9:31  Factory  
  78  9:35  Viking, Starport  
  78  9:36  Siege Tank  
  83  9:41  Command Center  
  83  9:46  Marine  
  83  9:47  Marine  
  83  9:48  Marauder  
  83  9:50  Marauder  
  83  9:52  Marine  
  90  9:54  Marine  
  89  10:04  Marine  
  89  10:05  Marine  
  85  10:10  Marine, Marauder  
  85  10:11  Marauder  
  85  10:12  Viking, Siege Tank, Marine  
  85  10:13  Orbital Command  
  85  10:14  SCV  
  90  10:22  Marine  
  90  10:23  Marine  
  90  10:24  Starport Reactor, Factory Tech Lab  
  90  10:26  Refinery  
  92  10:31  Marauder  
  94  10:37  Terran Infantry Weapons Level 2  
  94  10:38  Terran Infantry Armor Level 2  
  94  10:42  SCV x2  
  96  10:43  Refinery  
  96  10:50  Marine  
  96  10:51  Siege Tank  
  96  10:54  SCV x3  
  103  11:00  Orbital Command  
  103  11:04  Terran Vehicle Weapons Level 2  
  103  11:07  Viking  
  105  11:11  Marine  
  105  11:12  Marine  
  105  11:14  Medivac  
  105  11:16  Medivac  
  111  11:19  SCV x2  
  111  11:23  SCV  
  114  11:28  Barracks Tech Lab  
  114  11:29  Barracks Reactor  
  114  11:31  SCV  
  115  11:37  Marine  
  115  11:38  Marine  
  115  11:39  Siege Tank  
  122  11:41  Medivac  
  122  11:44  Viking  
  122  11:46  Medivac  
  128  11:47  Marine  
  126  11:54  Liberator  
  126  11:57  Liberator  
  124  12:21  Marine  
  124  12:22  Marine x2  
  125  12:23  Siege Tank, Marauder  
  125  12:24  Viking  
  125  12:25  Marine x3  
  137  12:32  Supply Depot  
  137  12:33  Supply Depot  
  137  12:39  Marine  
  137  12:40  Marine x2  
  137  12:43  Marine, Marauder x2  
  137  12:44  Marine  
  143  12:45  SCV x3  
  139  12:54  Medivac, Orbital Command  
  139  12:57  SCV  
  141  13:00  SCV  
  142  13:08  Missile Turret  
  142  13:13  Missile Turret, Marine x4, Marauder  
  142  13:14  Viking, Siege Tank, Missile Turret, Marauder x2, Medivac  
  142  13:17  Missile Turret  
  142  13:18  Refinery  
  155  13:23  Missile Turret  
  130  13:30  Marine  
  130  13:31  Marine x3  
  130  13:35  Marauder x3  
  130  13:38  SCV x2  
  130  13:40  SCV  
  133  13:48  Marine x2  
  133  13:49  Marine x2  
  133  13:51  SCV  
  138  13:56  Marine x2, Marauder  
  138  14:01  Siege Tank  
  145  14:03  SCV x2  
  145  14:04  Supply Depot  
  145  14:05  Terran Infantry Weapons Level 3  
  145  14:06  Marine x3  
  145  14:07  Marine  
  151  14:10  Terran Infantry Armor Level 3  
  151  14:19  Marine x2  
  151  14:20  Marine  
  151  14:23  Liberator x3  
  149  14:24  Marine  
  134  14:34  Marine x2  
  134  14:37  Marauder  
  134  14:38  Marauder  
  125  14:39  Marine, Marauder  
  132  14:48  Marine  
  132  14:51  Marine  
  132  14:52  Marine  
  132  14:56  Marine  
  132  14:59  Marauder x2  
  127  15:01  Marauder  
  127  15:04  SCV  
  127  15:05  SCV x2  
  127  15:06  Marine  
  120  15:20  Marauder  
  97  15:29  Marine  
  97  15:30  Marine, Marauder  
  97  15:34  Marine x2  
  97  15:35  Marine  
  94  15:41  Marine  
  88  15:47  SCV x2, Marine  
  88  15:48  Marine  
  92  15:50  Terran Vehicle Weapons Level 3  
  92  15:51  Marine  
  92  15:52  SCV  
  92  15:56  SCV  
  95  15:59  SCV  
  96  16:06  Missile Turret  
  96  16:07  SCV x2  
  96  16:10  Missile Turret  
  98  16:12  Marine x2, Marauder  
  98  16:13  Viking, Marauder  
  106  16:21  SCV x2  
  108  16:28  Marine x3  
  108  16:29  Siege Tank, Marine  
  108  16:30  Marine  
  115  16:39  Marine x2  
  103  16:45  Marine, Command Center  
  103  16:46  Marine  
  93  17:00  Marine, Marauder  
  93  17:01  Marine, Marauder x2  
  87  17:03  Marine  
  76  17:15  Marine  
  76  17:18  Marine x2  
  76  17:21  Marine  
  76  17:22  Marauder x3  
  75  17:33  Marine  
  75  17:35  SCV x2, Marine  
  75  17:36  Marine  
  80  17:39  Marine  
  80  17:43  Marine x3  
  84  17:44  Viking  
  84  17:45  Viking  
  85  17:51  Marine  
  59  18:08  Marine x3  
  59  18:09  Marine, Marauder x3  
  63  18:26  Marine x3  
  57  18:27  Marine  
  57  18:30  SCV, Marauder x3  
  61  18:44  Marine x3  
  58  18:50  SCV x2  
  58  18:53  Marine x2  
Show
View Real Time Build Order
Export as new Build Order

Mez Terran - Winner!

Build Orders: Cyclone Opening 

Get SALT Encoding   

  12  0:01  SCV  
  13  0:13  SCV  
  14  0:19  Supply Depot  
  14  0:25  SCV  
  15  0:40  SCV  
  15  0:41  Barracks  
  16  0:46  Refinery  
  16  0:52  SCV  
  16  0:55  Refinery  
  17  1:04  SCV  
  18  1:16  SCV  
  19  1:33  Reaper  
  19  1:34  Orbital Command  
  20  1:48  Factory  
  20  1:49  Supply Depot  
  20  2:00  SCV  
  21  2:08  Reaper  
  21  2:15  SCV  
  23  2:30  Command Center  
  23  2:35  SCV  
  24  2:39  Factory Tech Lab  
  24  2:43  Barracks Reactor  
  24  2:51  Starport  
  24  2:53  SCV  
  24  2:57  Cyclone  
  28  3:07  SCV  
  28  3:09  Supply Depot  
  29  3:19  SCV  
  30  3:35  Refinery, Marine  
  30  3:36  Marine  
  30  3:39  Factory Tech Lab  
  30  3:40  SCV  
  33  3:43  Raven  
  33  3:44  Supply Depot  
  33  3:46  Orbital Command  
  35  4:00  Marine x2  
  35  4:01  SCV  
  37  4:13  Siege Tank, SCV  
  40  4:19  Marine x2  
  40  4:23  SCV  
  43  4:25  SCV  
  43  4:30  Raven  
  43  4:33  Supply Depot  
  43  4:35  SCV  
  43  4:37  SCV, Marine x2  
  47  4:45  Siege Tank  
  50  4:47  SCV  
  50  4:49  SCV  
  52  4:57  Supply Depot  
  52  4:59  SCV  
  52  5:02  SCV  
  51  5:12  SCV  
  51  5:14  SCV  
  51  5:17  Viking  
  52  5:33  SCV x2  
  52  5:34  Siege Tank  
  55  5:37  Marine x2  
  55  5:40  Barracks x2  
  55  5:41  Command Center  
  54  5:45  SCV x2  
  56  6:01  Engineering Bay x2  
  56  6:04  Viking  
  58  6:12  Siege Tank  
  58  6:13  SCV x2  
  63  6:22  Marine  
  63  6:24  Stimpack  
  64  6:27  Supply Depot  
  64  6:29  Barracks Reactor x2  
  64  6:30  SCV x2  
  64  6:32  Refinery  
  66  6:40  Marine  
  66  6:41  Supply Depot  
  66  6:42  Viking, SCV  
  66  6:43  Supply Depot  
  66  6:45  SCV  
  69  6:54  SCV  
  69  6:59  Siege Tank, Marine  
  74  7:05  SCV  
  74  7:07  Barracks  
  75  7:08  Barracks  
  75  7:13  Marine  
  75  7:14  Marine x2  
  78  7:17  Marine  
  79  7:24  Marine  
  80  7:31  Marine  
  80  7:36  Marine x3  
  80  7:40  Siege Tank  
  80  7:41  Terran Infantry Armor Level 1, Terran Infantry Weapons Level 1  
  80  7:42  Marine  
  80  7:43  Supply Depot  
  84  7:44  SCV x2  
  84  7:45  Orbital Command  
  84  7:49  Marine  
  85  7:54  Marine x3  
  78  7:59  Marine  
  78  8:02  SCV x2  
  81  8:07  Marine, Medivac x2  
  81  8:12  Marine x2  
  88  8:13  Barracks Reactor x2  
  88  8:17  Armory  
  88  8:24  Missile Turret x2, SCV x3  
  89  8:28  Missile Turret x2  
  89  8:30  Siege Tank  
  89  8:31  Marine x3  
  95  8:36  Marine x2  
  95  8:37  Medivac  
  95  8:38  SCV  
  100  8:42  SCV x2  
  102  8:50  Refinery, SCV  
  102  8:52  Marine x3  
  102  8:53  Marine x2  
  102  8:54  SCV x2  
  110  9:00  Marine  
  110  9:01  Marine x3  
  105  9:10  Marine x2  
  105  9:12  Siege Tank, Marine  
  105  9:13  Marine  
  105  9:17  Marine  
  105  9:18  Marine  
  105  9:19  Marine x2  
  98  9:25  Marine  
  98  9:27  Viking x2  
  98  9:28  Marine x2  
  98  9:30  Marine x2  
  102  9:34  Marine  
  102  9:36  Marine x2, Terran Infantry Weapons Level 2  
  103  9:38  Terran Infantry Armor Level 2  
  103  9:40  Factory  
  103  9:43  Refinery, SCV x3  
  103  9:44  Siege Tank  
  109  9:49  Supply Depot  
  106  9:53  Supply Depot  
  106  9:55  SCV  
  106  9:56  SCV  
  91  10:08  Marine  
  91  10:09  Marine x8  
  99  10:20  Siege Tank  
  102  10:24  Terran Vehicle Weapons Level 1  
  102  10:26  Marine x5  
  107  10:37  Medivac x2  
  107  10:38  Missile Turret, Marine x4  
  107  10:39  Factory Tech Lab  
  114  10:44  SCV x2  
  114  10:49  Marine x4  
  120  10:51  Command Center  
  120  10:52  Siege Tank  
  120  10:53  Marine  
  124  11:05  Siege Tank  
  124  11:06  Marine  
  124  11:07  Marine x3  
  131  11:14  Marine x4  
  131  11:15  Barracks  
  131  11:16  Barracks  
  131  11:17  Barracks  
  135  11:21  Medivac  
  135  11:22  Medivac  
  139  11:30  Marine x2  
  141  11:38  Siege Tank, Marine x3, Supply Depot x2  
  141  11:39  Supply Depot  
  147  11:46  Marine x4  
  153  11:47  Siege Tank  
  153  11:48  Marine  
  153  11:52  Missile Turret  
  145  12:02  Marine  
  145  12:06  Marine  
  145  12:07  Marine x7  
  148  12:20  Marine  
  143  12:24  Marine x3  
  143  12:25  Marine x5  
  143  12:26  Siege Tank  
  143  12:27  Barracks Reactor, Siege Tank  
  143  12:28  Barracks Reactor x2  
  157  12:33  Medivac  
  159  12:43  Marine x5  
  164  12:56  Refinery  
  164  12:57  Marine  
  164  12:58  Marine x3  
  167  12:59  Refinery  
  167  13:00  Siege Tank, Marine  
  167  13:01  Siege Tank  
  172  13:25  Marine  
  129  13:38  Marine x4  
  129  13:39  Marine x10  
  129  13:40  Siege Tank x2, Medivac  
  148  13:43  Marine  
  148  13:52  SCV x2  
  145  13:56  Marine x7  
  145  13:57  Marine x2  
  145  13:58  Terran Infantry Armor Level 3  
  145  14:02  Planetary Fortress  
  127  14:32  Marine x7  
  119  14:41  Viking x2  
  119  14:45  Marine x6  
  124  14:47  Siege Tank x2  
  134  14:57  Marine x8  
  134  14:58  Marine  
  128  15:03  Marine x2  
  129  15:12  Marine x4  
  128  15:15  Viking x2, Marine  
  128  15:19  Orbital Command  
  120  15:41  Marine  
  120  15:45  Viking x2  
  120  15:48  Marine x4  
  123  15:59  Widow Mine  
  123  16:02  Marine  
  123  16:03  Marine x4  
  130  16:08  Missile Turret  
  130  16:15  Viking x2  
  134  16:31  Marine  
  134  16:32  Marine x9  
  144  16:34  Siege Tank x2, Orbital Command  
  150  16:45  Viking x2  
  141  17:01  Marine x5  
  141  17:02  Marine x5  
  149  17:15  Marine x5  
  128  17:19  Marine  
  122  17:25  Refinery, Marine x9  
  122  17:26  Siege Tank x2, Medivac x2  
  122  17:27  Refinery  
  135  17:33  Marine x3  
  138  17:37  Fusion Core  
  138  17:39  Starport  
  138  17:58  Siege Tank x2  
  135  18:02  Marine x4  
  135  18:03  Marine x11  
  135  18:04  Medivac  
  127  18:20  Marine x4  
  127  18:24  Marine, Medivac  
  127  18:25  Marine x10  
  144  18:35  Starport Tech Lab  
  144  18:38  Marine x2  
  144  18:39  Starport  
  133  18:49  Marine x5  
  133  18:50  Marine x8  
  133  18:51  Siege Tank  
  133  18:55  Missile Turret  
  147  18:56  Marine  
  147  18:57  Missile Turret  
  148  19:06  Marine  
  148  19:07  Marine x2  
Tags
 
Add a new tag
Caveats
  • Supply blocks, unpowered buildings, or Contaminate may cause inaccurate times.
  • Supply counts are checked every 10 seconds.